Map: Ice and Chrome LE

Players

JimRising

  • Race: Zerg Zerg
  • League: Grandmaster
  • Spawn Location: 1:00

Cham - Winner!

  • Race: Zerg Zerg
  • League: Grandmaster
  • Spawn Location: 7:00

Event: DreamHack SC2 Masters 2020 Summer Latin America

VOD

Have the link to the VOD?

Description

Time

  • Played on: June 27, 2020, 3:20 p.m.
  • Length: 9:54

All games in this series

Show
View Real Time Build Order
Export as new Build Order

JimRising Zerg 

Build Orders: Hatch First 

Get SALT Encoding   

  12  0:00  Drone  
  13  0:12  Overlord  
  13  0:17  Drone  
  14  0:30  Drone x2  
  16  0:48  Hatchery  
  15  0:52  Drone  
  15  0:55  Drone  
  17  0:58  Drone  
  18  1:04  Extractor  
  17  1:16  Spawning Pool  
  16  1:18  Drone  
  16  1:21  Drone  
  18  1:28  Drone  
  19  1:40  Drone  
  20  1:51  Overlord  
  20  2:03  Queen x2  
  20  2:04  Drone x2  
  20  2:08  Metabolic Boost  
  26  2:13  Drone  
  26  2:15  Drone  
  28  2:22  Drone x2  
  30  2:32  Zergling x2  
  31  2:42  Hatchery, Drone  
  31  2:43  Drone  
  32  2:48  Overlord  
  32  2:58  Overlord  
  32  3:01  Zergling x2  
  33  3:08  Zergling x4  
  33  3:11  Roach Warren  
  34  3:14  Zergling x6  
  34  3:17  Zergling x2  
  38  3:22  Zergling x6  
  38  3:24  Drone  
  42  3:31  Drone  
  42  3:32  Baneling Nest  
  42  3:33  Zergling x2  
  43  3:40  Overlord  
  43  3:42  Overlord  
  43  3:47  Overlord  
  42  3:58  Roach x3  
  42  4:00  Roach  
  50  4:05  Roach  
  50  4:07  Roach  
  54  4:16  Roach x2  
  54  4:17  Roach  
  60  4:22  Roach  
  60  4:23  Roach  
  63  4:27  Roach  
  63  4:31  Roach  
  65  4:39  Zergling x8  
  69  4:49  Overlord  
  69  4:50  Zergling x6  
  72  4:56  Zergling x4  
  72  4:59  Zergling x2  
  74  5:00  Zergling x2  
  74  5:03  Baneling x2  
  74  5:04  Baneling  
  74  5:05  Baneling  
  75  5:07  Zergling x2  
  75  5:11  Baneling  
  75  5:12  Zergling x2  
  77  5:16  Zergling x4  
  64  5:36  Zergling x14  
  68  5:48  Zergling x12  
  68  5:49  Ravager  
  68  5:51  Zergling x2  
  60  5:57  Zergling x2  
  60  6:03  Drone x2  
  52  6:07  Drone  
  52  6:11  Drone x2  
  49  6:20  Drone x2  
  49  6:21  Drone  
  48  6:28  Drone  
  48  6:32  Extractor  
  45  6:35  Roach x2  
  45  6:37  Queen  
  51  6:40  Drone x2  
  51  6:41  Drone x2  
  51  6:42  Drone  
  51  6:44  Drone x4  
  51  6:46  Extractor  
  59  6:52  Roach  
  60  6:54  Overlord  
  60  6:56  Roach  
  62  7:03  Roach  
  62  7:05  Roach  
  62  7:06  Roach  
  68  7:08  Roach  
  68  7:09  Roach  
  68  7:10  Roach  
  68  7:12  Roach  
  76  7:19  Roach  
  76  7:20  Roach x2  
  76  7:22  Drone x2  
  84  7:27  Drone  
  84  7:29  Roach  
  87  7:31  Roach  
  87  7:35  Roach  
  91  7:39  Drone x5  
  91  7:41  Roach  
  97  7:51  Overlord x3  
  97  7:55  Overlord  
  97  8:02  Overlord  
  97  8:09  Roach x2  
  97  8:10  Roach x4  
  97  8:12  Roach  
  111  8:16  Roach x2  
  111  8:18  Roach  
  117  8:25  Ravager x3  
  120  8:29  Zergling x2  
  120  8:32  Ravager  
  120  8:33  Overlord x2  
  120  8:34  Zergling x10  
  124  8:41  Zergling x10  
  132  8:43  Zergling x2  
  132  8:44  Zergling x2  
  132  8:47  Overlord  
  134  8:50  Baneling x6  
  134  8:53  Zergling x4  
  134  8:54  Baneling  
  134  8:55  Zergling x2  
  137  8:59  Baneling  
  137  9:00  Baneling  
  137  9:01  Zergling x6  
  140  9:04  Zergling x6  
  140  9:08  Zergling x4  
  140  9:09  Baneling x3  
Show
View Real Time Build Order
Export as new Build Order

Cham Zerg - Winner!

Build Orders: Hatch First 

Get SALT Encoding   

  12  0:00  Drone  
  13  0:08  Drone  
  14  0:16  Overlord  
  14  0:35  Drone x2  
  16  0:47  Hatchery  
  15  0:51  Drone  
  15  0:55  Drone  
  17  0:58  Drone  
  18  1:09  Extractor  
  17  1:13  Spawning Pool  
  17  1:15  Drone  
  17  1:19  Drone  
  18  1:28  Drone  
  19  1:42  Drone  
  20  1:49  Overlord  
  20  2:00  Queen x2  
  20  2:01  Overlord, Zergling x2  
  25  2:10  Drone  
  25  2:12  Drone  
  27  2:16  Metabolic Boost  
  27  2:22  Drone  
  28  2:23  Drone  
  29  2:36  Hatchery  
  28  2:45  Drone x3  
  31  2:52  Baneling Nest  
  31  2:55  Overlord  
  30  3:01  Drone  
  31  3:07  Drone  
  31  3:08  Drone x2  
  34  3:14  Zergling x2  
  35  3:20  Zergling x12  
  35  3:22  Zergling x2  
  42  3:27  Zergling x2  
  42  3:32  Drone  
  44  3:37  Baneling x2  
  44  3:40  Baneling  
  44  3:42  Zergling x4  
  46  3:50  Drone  
  46  3:51  Drone x6  
  51  3:58  Drone  
  51  3:59  Roach Warren, Drone  
  52  4:05  Drone x3  
  52  4:09  Extractor x2  
  53  4:10  Overlord  
  53  4:15  Queen  
  55  4:28  Overlord  
  55  4:29  Overlord  
  53  4:36  Overlord  
  53  4:37  Overlord  
  52  4:40  Roach x5  
  52  4:44  Overlord  
  62  4:48  Roach  
  62  4:49  Roach  
  62  4:50  Roach  
  68  4:54  Overlord  
  68  4:57  Roach  
  70  5:00  Roach  
  70  5:05  Roach x2  
  76  5:09  Roach x2  
  76  5:12  Roach  
  82  5:18  Roach x2  
  82  5:20  Roach  
  88  5:24  Roach  
  88  5:25  Roach  
  88  5:26  Roach  
  90  5:30  Roach  
  90  5:34  Roach x2  
  79  5:41  Roach x2, Zergling x2  
  76  5:45  Roach, Zergling x2  
  76  5:49  Roach  
  75  5:54  Roach  
  75  5:55  Roach  
  65  5:59  Roach  
  62  6:04  Roach x2  
  62  6:07  Drone  
  62  6:08  Drone  
  67  6:12  Drone x2  
  67  6:16  Drone x2  
  69  6:20  Drone x2  
  69  6:22  Drone  
  72  6:26  Roach  
  72  6:30  Drone x2  
  76  6:35  Zergling x2  
  76  6:36  Drone  
  76  6:39  Queen  
  80  6:41  Drone  
  80  6:43  Zergling x2  
  80  6:44  Drone  
  83  6:58  Drone x5  
  88  7:03  Overlord  
  88  7:04  Evolution Chamber  
  88  7:05  Baneling x2, Queen  
  88  7:06  Overlord  
  89  7:12  Roach  
  89  7:13  Roach x3  
  96  7:17  Roach  
  96  7:18  Roach  
  96  7:21  Lair  
  100  7:25  Roach  
  100  7:26  Zergling x2  
  100  7:28  Drone  
  104  7:31  Drone  
  104  7:33  Zerg Missile Weapons Level 1, Drone  
  106  7:39  Roach  
  106  7:41  Overlord  
  106  7:43  Roach  
  109  7:51  Drone x3  
  109  7:52  Drone x2, Overlord  
  109  7:53  Overlord  
  109  7:54  Roach, Extractor  
  109  7:57  Roach  
  117  8:06  Roach x3  
  123  8:15  Roach x4  
  123  8:18  Roach  
  123  8:19  Roach x2  
  137  8:21  Overseer, Hatchery  
  137  8:24  Glial Reconstitution  
  136  8:29  Roach  
  136  8:31  Nydus Network  
  136  8:32  Roach  
  139  8:37  Overlord x2  
  139  8:38  Roach  
  141  8:42  Roach x2  
  141  8:44  Overlord  
  141  8:47  Roach x2  
  149  8:49  Roach  
  149  8:53  Overlord  
  149  8:55  Roach x2  
  155  8:58  Roach  
  155  9:02  Spine Crawler  
  157  9:03  Spine Crawler  
  157  9:04  Spine Crawler  
  157  9:05  Roach x3  
  157  9:09  Ravager x2  
  164  9:10  Ravager  
Tags
 
Add a new tag
Caveats
  • Supply blocks, unpowered buildings, or Contaminate may cause inaccurate times.
  • Supply counts are checked every 10 seconds.